 Dungeon Crawl Stone Soup version 0.22-a0-412-g2b68d14 (webtiles) character file.

60 Kairos the Shield-Bearer (level 4, 35/35 HPs)
             Began as a Human Fighter on May 12, 2018.
             Quit the game on level 2 of the Dungeon.
             The game lasted 00:01:22 (1196 turns).

Kairos the Shield-Bearer (Human Fighter)            Turns: 1196, Time: 00:01:23

Health: 35/35      AC:  8    Str: 17    XL:     4   Next: 25%
Magic:  4/4        EV:  7    Int:  8    God:
Gold:   72         SH:  9    Dex: 13    Spells: 3/3 levels left

rFire    . . .     SeeInvis .   a - +1 war axe
rCold    . . .     Gourm    .   c - +0 shield
rNeg     . . .     Faith    .   b - +0 scale mail
rPois    .         Spirit   .   (no helmet)
rElec    .         Reflect  .   (no cloak)
rCorr    .         Harm     .   (no gloves)
MR       .....                  e - +0 pair of boots
Stlth    ..........             (no amulet)
HPRegen  0.11/turn              (no ring)
MPRegen  0.09/turn              (no ring)

@: no status effects
A: no striking features
a: no special abilities


You were on level 2 of the Dungeon.
You were not hungry.

You visited 1 branch of the dungeon, and saw 2 of its levels.

You collected 72 gold pieces.

Inventory:

Hand Weapons
 a - a +1 war axe (weapon)
Armour
 b - a +0 scale mail (worn)
 c - a +0 shield (worn)
 e - a +0 pair of boots (worn)
Scrolls
 i - a scroll of fear {unknown}
 j - a scroll of amnesia
 k - a scroll of teleportation {unknown}
 l - a scroll of magic mapping
Potions
 d - a potion of might
 g - a potion of magic
 h - a potion of flight {unknown}
 m - a potion of cancellation {unknown}
Comestibles
 f - 2 rations
 n - 2 chunks of flesh


   Skills:
 + Level 3.2 Fighting
 + Level 2.9 Axes
 + Level 3.2 Armour
 + Level 0.5 Dodging
 + Level 3.7 Shields


You had 3 spell levels left.
You didn't know any spells.
Your spell library was empty.

Dungeon Overview and Level Annotations

Branches:
Dungeon (2/15)

Altars:


Message History

No target in view!
You see here a robe.
There is an open door here.
There is an open door here.
Key pressed, stopping explore.
No target in view!
You are feeling very hungry.
No target in view!
Key pressed, stopping explore.
No target in view!
You butcher the hobgoblin corpse.
n - 3 chunks of flesh You see here a club. x2
Eating one of 3 chunks of flesh.
You eat one of the 3 chunks of flesh.
This raw flesh tastes terrible.
A bat comes into view.
A bat is nearby!
You block the bat's attack.
A bat is nearby!
Are you sure you want to abandon this character and quit the game? (Confirm with "yes".)

########.##
#..#............... #.#
#..#.#....########. #.#
#..#.#....# #. #.#
#..#.#...## #.
###.####..#.....#########.
#.........#...............
##..)...........####......
#..####..#...............
##..###..@......####......
#.[.......##..#.# ##'####
#.#.......b.....# #.#
######.....>.......#.#####.#
#..........................#
######..##.......(.#######.#
#.......†....## #####'####
#..##..#..##.# #.........
#...#..#..##.# #.........


You could see a bat.

Vanquished Creatures
  An adder (D:2)
  An ooze (D:1)
  2 dart slugs (D:1)
  3 leopard geckos
  A ball python (D:1)
  A giant cockroach (D:1)
  6 goblins
  3 hobgoblins (D:2)
  2 jackals (D:1)
  4 kobolds
  3 bats (D:1)
  3 frilled lizards (D:1)
  10 rats
40 creatures vanquished.

Notes
Turn   | Place    | Note
-------+----------+-------------------------------------------
     0 | D:1      | Kairos the Human Fighter began the quest for the Orb.
     0 | D:1      | Reached XP level 1. HP: 18/18 MP: 1/1
    72 | D:1      | Reached XP level 2. HP: 23/24 MP: 2/2
   147 | D:1      | Reached XP level 3. HP: 24/29 MP: 3/3
   773 | D:2      | Reached XP level 4. HP: 35/35 MP: 4/4
  1196 | D:2      | Quit the game

Vault maps used:
D:1:      matt_arrival_grand_opening
D:2:      minivault_23

Action                   |  1- 3 |  4- 6 || total
-------------------------+-------+-------++-------
Melee: War axe           |    90 |    17 ||   107
  Use: Scroll            |     4 |       ||     4
       Potion            |     1 |       ||     1
  Eat: Chunk             |       |     1 ||     1
Armor: Scale mail        |    52 |     6 ||    58
Dodge: Dodged            |    34 |     5 ||    39
Block: Shield            |    61 |     9 ||    70

Table legend:
 A = Spawn XP
 B = Non-spawn XP
 C = Spawn XP percentage of total XP
 D = Spawn monster count
 E = Non-spawn monster count
 F = Spawn count percentage of total count
 G = Total turns spent on level
                    A         B        C        D         E        F      G
               +---------+---------+-------+---------+---------+-------+---------
         Total |       0 |      87 |   0.0 |       0 |      40 |   0.0 |  1196
               +---------+---------+-------+---------+---------+-------+---------
           D:1 |       0 |      53 |   0.0 |       0 |      28 |   0.0 |   632
           D:2 |       0 |      34 |   0.0 |       0 |      12 |   0.0 |   564
               +---------+---------+-------+---------+---------+-------+---------
